 Dungeon Crawl Stone Soup version 0.23.0-3-gf3c87f2df8 (webtiles) character file.

Game seed: 2148800850319712359

1631 Murks the Slicer (level 8, -1/42 HPs)
             Began as a Vine Stalker Fighter on Feb 23, 2019.
             Was a Follower of Uskayaw.
             Killed by divine providence
             ... invoked by an orc priest
              (8 damage)
             ... on level 7 of the Dungeon.
             The game lasted 00:17:40 (6047 turns).

Murks the Slicer (Vine Stalker Fighter)             Turns: 6047, Time: 00:17:41

Health: -1/42      AC:  7    Str: 19    XL:     8   Next: 98%
Magic:  0/13       EV:  9    Int: 10    God:    Uskayaw [*.....]
Gold:   397        SH:  0    Dex: 14    Spells: 13/13 levels left

rFire    . . .     SeeInvis .   B - +0 dagger
rCold    . . .     Gourm    .   (no shield)
rNeg     . . .     Faith    .   b - +0 scale mail
rPois    .         Spirit   +   (no helmet)
rElec    .         Reflect  .   h - +0 cloak
rCorr    .         Harm     .   (no gloves)
MR       +....                  (no boots)
Stlth    ..........             (no amulet)
HPRegen  0.54/turn              (no ring)
MPRegen  0.13/turn              (no ring)

@: drained
A: fangs 3, regeneration 1, magic shield, antimagic bite, no potion heal 3, rot
immunity
a: Stomp, Renounce Religion


You were on level 7 of the Dungeon.
You worshipped Uskayaw.
Uskayaw was noncommittal.
You were not hungry.

You visited 2 branches of the dungeon, and saw 8 of its levels.

You collected 439 gold pieces.
You spent 42 gold pieces at shops.

Inventory:

Hand Weapons
 B - a +0 dagger (weapon)
Armour
 b - a +0 scale mail (worn)
 c - a +0 shield
 h - a +0 cloak (worn)
Jewellery
 i - an uncursed ring of protection from fire {unknown}
Wands
 a - a wand of enslavement (8)
 k - a wand of polymorph (9)
Scrolls
 m - a scroll of remove curse {unknown}
 n - 3 scrolls of identify {unknown}
 o - 2 scrolls of fear {unknown}
 p - 9 scrolls of teleportation {unknown}
 s - a scroll of blinking {unknown}
 t - a scroll of amnesia {unknown}
 u - 2 scrolls of random uselessness {unknown}
 y - a scroll of immolation {unknown}
 A - 2 scrolls of fog {unknown}
Potions
 d - a potion of might
 e - a potion of brilliance {unknown}
 g - a potion of flight {unknown}
 j - 6 potions of curing {unknown}
 l - 3 potions of heal wounds {unknown}
 q - 4 potions of degeneration {unknown}
 r - a potion of ambrosia {unknown}
 v - 2 potions of haste {unknown}
 z - a potion of berserk rage {unknown}
Comestibles
 f - 8 rations
 x - 4 chunks of flesh


   Skills:
 - Level 4.0(2.9) Fighting
 * Level 8.0(6.8) Short Blades
 - Level 2.4(1.3) Armour
 + Level 2.3(1.2) Stealth
 - Level 2.6(1.6) Shields
 - Level 3.3(2.2) Spellcasting
 + Level 4.2(3.1) Invocations


You had 13 spell levels left.
You didn't know any spells.
Your spell library was empty.

Dungeon Overview and Level Annotations

Branches:
Dungeon (7/15)             Temple (1/1) D:5

Altars:
Ashenzari
Cheibriados
Dithmenos
Elyvilon
Gozag
Hepliaklqana
Kikubaaqudgha
Nemelex Xobeh
Okawaru
Qazlal
Ru
Sif Muna
Trog
Uskayaw
Vehumet
Wu Jian
Xom
Yredelemnul
Zin

Shops:
D:4 !

Annotations:
D:2 2 transporters, Menkaure


Innate Abilities, Weirdness & Mutations

You have razor-sharp teeth.
Your natural rate of healing is unusually fast.
When hurt, damage is shared between your health and your magic reserves.
Your bite disrupts and absorbs the magic of your enemies.
Potions cannot restore your health.
You are immune to rotting.


Message History

The orc priest invokes the aid of Beogh against you.
Beogh smites you!
* * * LOW HITPOINT WARNING * * *
Throwing (i - inventory)
w - 2 javelins of returning (quivered)
Press: ? - help, Shift-Dir - straight line, f - orc priest
Aim: an orc priest, wielding a +0 flail of draining and wearing a +0 chain mail (moderately wounded)
You throw a javelin of returning.
The javelin of returning hits the orc priest but does no damage.
The orc priest is moderately wounded.
The javelin of returning fails to return to your pack!
The orc priest looks encouraged for a moment.
Throwing (i - inventory)
w - a javelin of returning (quivered)
Press: ? - help, Shift-Dir - straight line, f/p - orc priest
Aim: an orc priest, wielding a +0 flail of draining and wearing a +0 chain mail (moderately wounded)
You throw a javelin of returning.
The javelin of returning closely misses the orc priest.
The javelin of returning fails to return to your pack!
The orc priest invokes the aid of Beogh against you.
Beogh smites you!
You die...

######.###....
...........#
......).......
########...#
#####$.#######
########.######.
#####..#######
................
.............#
########........
#.###..#####.#
#.####### #..# #.#####
#.####### ....#
#.(o..########.##.....
#.#..#
#####@................
..#...#
#####......##[....
..###...
#.####.##..... .. .#.
#.# #.##..... #.#
#.##..... #.#
#.##..... #.#
#.#####.. #.# #.# #..
#.# #.#####..


You could see an orc priest.

Vanquished Creatures
  Duvessa (D:5)
  2 water moccasins
  2 necrophages
  A phantom (D:6)
  3 ogres
  A big kobold (D:7)
  Dowan (D:5)
  A scorpion (D:5)
  A howler monkey (D:3)
  A crimson imp (D:6)
  5 hounds
  2 bullfrog skeletons
  An orc priest (D:4)
  2 orc wizards
  3 iguanas
  2 worker ants
  3 adders
  4 oozes
  2 adder zombies
  2 worms (D:2)
  A dart slug (D:3)
  3 leopard geckos
  13 orcs
  6 giant cockroaches
  2 hobgoblins
  4 quokkas
  6 bats
  5 frilled lizards
  11 goblins
  14 kobolds
  8 rats
113 creatures vanquished.

Vanquished Creatures (others)
  A quokka (D:4)
1 creature vanquished.

Grand Total: 114 creatures vanquished

Notes
Turn   | Place    | Note
-------+----------+-------------------------------------------
     0 | D:1      | Murks the Vine Stalker Fighter began the quest for the Orb.
     0 | D:1      | Reached XP level 1. HP: 11/11 MP: 2/2
    68 | D:1      | Reached skill level 2 in Short Blades
    95 | D:1      | You fall through a shaft!
   539 | D:1      | Reached XP level 2. HP: 16/16 MP: 3/3
  1494 | D:2      | Reached skill level 3 in Short Blades
  1622 | D:2      | Reached XP level 3. HP: 19/19 MP: 4/4
  2138 | D:2      | Found a basalt altar of Yredelemnul.
  2138 | D:2      | Found an ancient bone altar of Kikubaaqudgha.
  2138 | D:2      | Found a transporter.
  2146 | D:2      | Noticed Menkaure
  2168 | D:2      | Found a transporter.
  2417 | D:3      | Reached skill level 1 in Spellcasting
  2417 | D:3      | Gained mutation: Your natural rate of healing is unusually
                  | fast. [Vine Stalker growth]
  2417 | D:3      | Reached XP level 4. HP: 24/24 MP: 6/6
  2715 | D:3      | Reached XP level 5. HP: 28/28 MP: 8/8
  3042 | D:4      | Found a white marble altar of Elyvilon.
  3107 | D:4      | Reached skill level 4 in Short Blades
  3164 | D:4      | Reached XP level 6. HP: 28/32 MP: 10/10
  3243 | D:4      | Noticed a necrophage
  3273 | D:4      | Killed a necrophage
  3358 | D:4      | Found Desekeoq's Distillery.
  3361 | D:4      | Bought a potion of lignification for 42 gold pieces
  3507 | D:5      | Entered Level 5 of the Dungeon
  3507 | D:5      | Noticed Dowan
  3511 | D:5      | Noticed Duvessa
  3709 | D:4      | Reached skill level 5 in Short Blades
  3823 | D:5      | Reached XP level 7. HP: 23/37 MP: 6/12
  3878 | D:5      | Found a staircase to the Ecumenical Temple.
  3883 | Temple   | Entered the Ecumenical Temple
  4052 | Temple   | Became a worshipper of Uskayaw the Reveler
  4083 | D:5      | Reached * piety under Uskayaw
  4088 | D:5      | Reached ** piety under Uskayaw
  4194 | D:5      | Reached skill level 1 in Invocations
  4327 | D:5      | Found an ornate altar of the Wu Jian Council.
  4348 | D:5      | Reached skill level 6 in Short Blades
  4352 | D:5      | Reached *** piety under Uskayaw
  4648 | D:5      | Gained mutation: You have razor-sharp teeth. [Vine Stalker
                  | growth]
  4648 | D:5      | Reached XP level 8. HP: 26/42 MP: 8/13
  4657 | D:5      | Reached **** piety under Uskayaw
  4658 | D:5      | Killed Duvessa
  4750 | D:5      | Killed Dowan
  4931 | D:6      | Reached skill level 7 in Short Blades
  5312 | D:6      | Found a sacrificial altar of Ru.
  5350 | D:6      | Reached skill level 1 in Stealth
  5960 | D:7      | Reached skill level 8 in Short Blades
  6047 | D:7      | Killed from afar by an orc priest

Skill      XL: |  1  2  3  4  5  6  7  8 |
---------------+-------------------------+-----
Short Blades   | 2 3 4 5 6 8 |  8.0
Fighting       | 3 4 |  4.0
Spellcasting   | 1 2 3 |  3.3
Invocations    | 2 4 |  4.2
Stealth        | 2 |  2.3
Armour         | |  2.4
Shields        | |  2.6

Action                   |  1- 3 |  4- 6 |  7- 9 || total
-------------------------+-------+-------+-------++-------
Melee: Rapier            |    84 |   168 |   165 ||   417
       Bite              |    18 |    51 |    78 ||   147
       Dagger            |       |       |    74 ||    74
Throw: Javelin           |       |       |     3 ||     3
Invok: Stomp             |       |       |     1 ||     1
       Line Pass         |       |       |     2 ||     2
  Use: Potion            |       |       |     1 ||     1
 Stab: Paralysed         |       |       |     5 ||     5
       Confused          |       |       |     1 ||     1
  Eat: Chunk             |     5 |     3 |     6 ||    14
       Ration            |       |       |     1 ||     1
Armor: Scale mail        |    35 |    56 |    43 ||   134
       Skin              |       |       |     6 ||     6
Dodge: Dodged            |    51 |    63 |    79 ||   193
